 Dungeon Crawl Stone Soup version 0.31-a0-1154-gadca813884 (webtiles) character file.

Game seed: 10784522397273142693

3142 Arzdou the Magician (level 9, -7/51 HPs)
             Began as an Octopode Fire Elementalist on Dec 7, 2023.
             Shot with a bolt by an orc warrior (15 damage)
             ... on level 8 of the Dungeon.
             The game lasted 00:15:12 (8791 turns).

Arzdou the Magician (Octopode Fire Elementalist)    Turns: 8791, Time: 00:15:13

Health: -7/51      AC:  1    Str:  8    XL:     9   Next: 93%
Magic:  12/20      EV: 13    Int: 21    God:
Gold:   322        SH:  0    Dex: 12    Spells: 18/23 levels left

rFire   + . .        h - +0 dagger (venom)
rCold   + . .        D - orb {*channel}
rNeg    . . .        (helmet currently unavailable)
rPois   .            (no amulet)
rElec   .            b - ring "Woilak" {rF+ rC+ Will++ Slay-5 Stlth+}
rCorr   .            (no ring)
SInv    .            (no ring)
Will    +++..        (no ring)
Stlth   +++++        (no ring)
HPRegen 0.28/turn    (no ring)
MPRegen 0.17/turn    (no ring)
                     (no ring)

%: channel magic (20%)
@: lethally poisoned (-7 -> -8), about to teleport, beast-form, enlightened,
flying, very slightly contaminated
A: beast (slay +0), almost no armour, amphibious, 8 rings, camouflage 1,
gelatinous body 1, (nimble swimmer 1), tentacles
a: Begin Untransformation


You were on level 8 of the Dungeon.
You were a hulking beast.
You visited 2 branches of the dungeon, and saw 9 of its levels.

You collected 322 gold pieces.

Inventory:

Hand Weapons
 c - a +0 dagger
 h - a +0 dagger of venom (weapon)
Missiles
 n - 9 poisoned darts
 C - a throwing net
Armour
 D - an orb of energy (worn)
Magical Staves
 t - a staff of air
Jewellery
 b - the ring "Woilak" (left tentacle) {rF+ rC+ Will++ Slay-5 Stlth+}
   (You acquired it on level 5 of the Dungeon)

   [ring of protection from fire]

   Slay-5:    It affects your accuracy & damage with ranged weapons and melee
   (-5).
   rF+:       It protects you from fire.
   rC+:       It protects you from cold.
   Will++:    It greatly increases your willpower.
   Stlth+:    It makes you more stealthy.
 u - an amulet of faith
 v - an amulet of guardian spirit
Talismans
 q - a beast talisman (active)
Scrolls
 d - a scroll of enchant armour {unknown}
 e - 2 scrolls of teleportation
 j - a scroll of immolation
 l - 2 scrolls of noise
 m - a scroll of fear
 r - 2 scrolls of vulnerability
 s - a scroll of amnesia
 w - a scroll of fog {unknown}
 x - 2 scrolls of revelation {unknown}
 y - a scroll of acquirement
 A - a scroll of identify
Potions
 a - 2 potions of magic
 f - 2 potions of heal wounds {unknown}
 g - 5 potions of curing {unknown}
 i - a potion of degeneration {unknown}
 k - 2 potions of enlightenment
 o - a potion of attraction {unknown}
 p - 2 potions of brilliance {unknown}
 z - 2 potions of might {unknown}
 B - a potion of mutation {unknown}


   Skills:
 - Level 2.0 Dodging
 + Level 5.0 Stealth
 - Level 7.9 Spellcasting
 + Level 5.8 Conjurations
 + Level 5.7 Fire Magic
 - Level 5.0 Air Magic
 - Level 5.0 Poison Magic


You had 18 spell levels left.
You knew the following spells:

 Your Spells              Type           Power      Damage    Failure   Level
a - Foxfire               Conj/Fire      100%       2x1d9     4%          1
b - Scorch                Fire           64%        2d7       5%          2
c - Poisonous Vapours     Pois/Air       58%        N/A       7%          2

Your spell library contained the following spells:

 Spells                   Type           Power      Damage    Failure   Level
 Sting                    Tmut/Pois      72%        1d6       11%         1
 Inner Flame              Hex/Fire       20%        N/A       21%         3
 Stone Arrow              Conj/Erth      40%        3d9       21%         3
 Volatile Blastmotes      Fire/Tloc      40%        2d13      21%         3
 Flame Wave               Conj/Fire      32%        2d9       21%         4
 Sandblast                Erth           16%        2d6       22%         1
 Slow                     Hex            32%        N/A       22%         1
 Olgreb's Toxic Radiance  Pois           29%        N/A       26%         4
 Passwall                 Tmut/Erth      6%         N/A       28%         2
 Confusing Touch          Hex            8%         N/A       45%         3
 Sigil of Binding         Hex            8%         N/A       45%         3
 Tukima's Dance           Hex            8%         N/A       45%         3
 Vampiric Draining        Necr           8%         2d6       45%         3
 Brom's Barrelling Bould  Conj/Erth      20%        2d4       45%         4
 Passage of Golubria      Tloc           8%         N/A       82%         4
 Silence                  Hex/Air        9%         N/A       82%         5
 Yara's Violent Unravell  Hex/Tmut       4%         3d4       98%         5
 Lehudib's Crystal Spear  Conj/Erth      10%        10d4      100%        8


Dungeon Overview and Level Annotations

Branches:
Dungeon (8/15)             Temple (1/1) D:7
   Lair: D:8-11

Altars:
Ashenzari
Dithmenos
Elyvilon
Fedhas
Gozag
Hepliaklqana
Okawaru
Qazlal
Ru
Uskayaw
Wu Jian
Xom
Yredelemnul
Zin
The Shining One

Shops:
D:8 *

Annotations:
D:5 1 runed translucent door, Flippered's ghost, novice GnRe
D:6 1 runed translucent door, KineticRobot's ghost, amateur DgEE
D:8 Joseph


Innate Abilities, Weirdness & Mutations

You are a hulking beast.
Your limbs bulge with bestial killing power. (Slay +0)
You cannot wear most types of armour.
You are amphibious.
You can wear up to eight rings at the same time.
Your skin changes colour to match your surroundings (Stealth+).
Your rubbery body absorbs attacks. (AC +1, EV +1)
((You are camouflaged when in or above water. (Stealth+)))
You have tentacles for arms and can constrict up to eight enemies at once.


Message History

Confirm with . or Enter, or press ? or * to list all spells.
You miscast Scorch.
You are very lightly contaminated with residual magic.
Nothing appears to happen.
Magical energy flows into your mind!
You feel yourself speed up.
You feel very sick. The hornet closely misses you. The hornet stings you!
You feel yourself slow down.
The orc priest mumbles some strange prayers to Beogh against you.
Beogh smites you!
* * * LOW HITPOINT WARNING * * *
It was a potion of enlightenment.
You feel very buoyant.
You fly up into the air.
You feel yourself speed up.
You feel very sick.
The hornet is no longer more vulnerable to fire.
You kill the orc priest!
The hornet misses you. The hornet barely misses you.
Casting: Scorch (safe; 6% risk of failure)
Confirm with . or Enter, or press ? or * to list all spells.
Flames lash the hornet.
The hornet is almost dead.
The hornet's fire resistance burns away.
Joseph shouts!
You feel sick.
The hornet stings you but does no damage.
The hornet barely misses you.
Casting: Scorch (safe; 6% risk of failure)
Confirm with . or Enter, or press ? or * to list all spells.
Flames lash the hornet.
The hornet is burned terribly!
You kill the hornet!
You feel sick.
The orc warrior shoots a bolt.
The bolt misses you.
Your Stealth skill increases to level 5!
Unknown command.
As you read the scroll of teleportation, it crumbles to dust.
You feel strangely unstable.
You feel sick.
The orc warrior shoots a bolt.
The bolt closely misses you.
You feel sick.
The orc warrior shoots a bolt.
The bolt hits you!
You die...

#.##... #... ..... #..####
###..########.<...#########
#..........................
#.#..####.###(......#######
.#.#..# #...#..##..........
....... ###.#..##.#.######.
.≈...§.#####..)....#.######.
.......@o)†.h....####........
....∩...#####.#..# ########.
#....... #.#..## ## .#...≈.
##.#...## # .......
.......#.## # ##..#..
.##...###.# # #.##..
####.#.## # #o ###
####...##########
#................


You could see Joseph and an orc warrior.

Vanquished Creatures
  Pikel (D:5)
  A hornet (D:8)
  A steam dragon (D:8)
  Menkaure (D:5)
  A water moccasin (D:8)
  2 sky beasts
  An ice beast (D:6)
  2 ogres
  2 lemures (D:5)
  4 phantoms
  3 bullfrogs
  A kobold brigand (D:7)
  2 scorpions
  2 wights (D:7)
  A howler monkey (D:6)
  3 hounds
  2 orc priests
  4 jellies
  3 gnoll boudas
  3 iguanas
  4 orc wizards
  11 adders
  15 gnolls
  2 ufetubi (D:4)
  2 worms
  2 dart slugs
  19 orcs
  A bat (D:3)
  7 endoplasms
  5 giant cockroaches
  8 goblins
  4 hobgoblins
  7 kobolds
  3 quokkas
  7 ball pythons
  A frilled lizard (D:1)
  3 rats
141 creatures vanquished.

Vanquished Creatures (others)
  234 foxfires
234 creatures vanquished.

Grand Total: 375 creatures vanquished

Notes
Turn   | Place    | Note
-------+----------+-------------------------------------------
     0 | D:1      | Arzdou the Octopode Fire Elementalist began the quest for
                  | the Orb.
     0 | D:1      | Reached XP level 1. HP: 11/11 MP: 3/3
   165 | D:1      | Reached XP level 2. HP: 17/17 MP: 5/5
   619 | D:2      | Learned a level 2 spell: Scorch
   791 | D:2      | Reached XP level 3. HP: 14/21 MP: 6/6
  1222 | D:2      | Reached XP level 4. HP: 27/27 MP: 8/8
  1708 | D:3      | Reached skill level 3 in Spellcasting
  1810 | D:3      | Reached XP level 5. HP: 31/31 MP: 1/9
  1938 | D:3      | Found a hazy altar of Hepliaklqana.
  2584 | D:3      | Found a broken altar of Ashenzari.
  2873 | D:4      | Learned a level 2 spell: Poisonous Vapours
  2959 | D:4      | Noticed a phantom
  2982 | D:4      | Killed a phantom
  2983 | D:4      | Reached XP level 6. HP: 27/36 MP: 0/11
  3523 | D:4      | Reached skill level 4 in Spellcasting
  3735 | D:4      | Reached skill level 5 in Fire Magic
  3735 | D:4      | Reached XP level 7. HP: 33/41 MP: 2/13
  4003 | D:5      | Entered Level 5 of the Dungeon
  4266 | D:5      | Identified a scroll of acquirement
  4267 | D:5      | Acquired the ring "Woilak" {rF+ rC+ Will++ Slay-5 Stlth+}
  4461 | D:5      | Found a runed translucent door.
  4462 | D:5      | Noticed Flippered's ghost (novice GnRe)
  4489 | D:5      | Reached skill level 5 in Spellcasting
  4603 | D:5      | Noticed Pikel
  4733 | D:5      | Identified the +5 dagger of Courage {drain, Int+3}
  4844 | D:5      | Killed Pikel
  4845 | D:5      | Reached skill level 6 in Spellcasting
  4845 | D:5      | Reached skill level 5 in Conjurations
  4845 | D:5      | Reached XP level 8. HP: 16/46 MP: 9/18
  4961 | D:5      | Reached skill level 7 in Spellcasting
  5544 | D:5      | Noticed Menkaure
  5553 | D:5      | Killed Menkaure
  5766 | D:6      | Reached skill level 1 in Air Magic
  5766 | D:6      | Reached skill level 1 in Poison Magic
  5997 | D:6      | Reached XP level 9. HP: 46/51 MP: 11/20
  6094 | D:6      | Found a runed translucent door.
  6119 | D:6      | Noticed KineticRobot's ghost (amateur DgEE)
  7479 | D:7      | Reached skill level 5 in Poison Magic
  7612 | D:7      | Found a staircase to the Ecumenical Temple.
  7619 | Temple   | Entered the Ecumenical Temple
  7798 | D:7      | Found an opulent altar of Gozag.
  7867 | D:7      | Reached skill level 5 in Air Magic
  8285 | D:8      | Found an iron altar of Okawaru.
  8734 | D:8      | Found Wekhos's Elemental Accessories.
  8734 | D:8      | Noticed Joseph
  8779 | D:8      | Noticed a hornet
  8789 | D:8      | Killed a hornet
  8790 | D:8      | Reached skill level 5 in Stealth
  8791 | D:8      | Shot with a bolt by an orc warrior

Illustrated notes

Levels and vault maps discovered:
D:1:      heliophobic_arrival_ceremonial_halls, layout_loops_cross,
          corexii_hall_statues_u
D:2:      layout_loops_corners
D:3:      layout_rooms, nicolae_hepliaklqana_hazy_memory,
          mainiacjoe_overflow_alcove_1, minmay_distorted
D:4:      layout_basic, minmay_puff
D:5:      layout_basic, gammafunk_ghost_grave, nicolae_elevator_lobby_asterisk,
          uniq_pikel, uniq_menkaure
D:6:      layout_basic, ebering_ghost_reflecting_pool
D:7:      layout_basic, grunt_gozag_statues, temple_statues,
          chequers_serial_rivers_micro_d
D:8:      layout_loops_ring, trog_book, mainiacjoe_overflow_cross_hatched,
          makhleb_grotto_becter, mainiacjoe_overflow_24_doors,
          nicolae_elemental_shop, uniq_joseph
Temple:   hellmonk_temple_of_storms

Skill      XL: |  1  2  3  4  5  6  7  8  9 |
---------------+----------------------------+-----
Conjurations   | 2 3 4 5 |  5.8
Spellcasting   | 3 4 6 7 |  7.9
Fire Magic     | 4 5 |  5.7
Air Magic      | 2 5 |  5.0
Poison Magic   | 2 5 |  5.0
Stealth        | 5 |  5.0
Dodging        | |  2.0

Action                     |  1- 3 |  4- 6 |  7- 9 || total
---------------------------+-------+-------+-------++-------
  Melee: Dagger            |    45 |    50 |    35 ||   130
         Constrict         |    11 |     6 |    10 ||    27
         Tentacles         |     8 |    11 |    13 ||    32
         Unarmed           |     1 |       |       ||     1
         Punch             |     1 |       |       ||     1
   Cast: Foxfire           |     9 |    62 |    73 ||   144
         Scorch            |       |    11 |    87 ||    98
         Poisonous Vapours |       |       |    28 ||    28
    Use: Scroll            |       |       |     9 ||     9
         Potion            |       |       |     1 ||     1
   Stab: Sleeping          |     5 |     7 |     2 ||    14
         Distracted        |       |       |     1 ||     1
 Armour: Skin              |    17 |    44 |    57 ||   118
  Dodge: Dodged            |    25 |    54 |    59 ||   138
   Form: Beast             |       |       |     1 ||     1

Table legend: (Time is in decaauts)
 A = Elapsed time spent in this place.
 B = Non-inter-level travel time spent in this place.
 C = Inter-level travel time spent in this place.
 D = Time resting spent in this place.
 E = Time spent auto-exploring this place.
 F = Levels seen in this place.
 G = Mean time per level.
                   A        B        C        D        E       F      G
               +--------+--------+--------+--------+--------+-----+--------+
         Total |   8793 |   8505 |    288 |    677 |   6422 |   9 |  977.0 |
       Dungeon |   8791 |   8503 |    288 |    677 |   6422 |   8 | 1098.9 |
        Temple |      1 |      1 |      0 |      0 |      0 |   1 |    1.0 |
               +--------+--------+--------+--------+--------+-----+--------+

Top non-repeatable levels by time:
     D:5: 1576 daAuts
     D:4: 1523 daAuts
     D:7: 1274 daAuts
     D:2: 1142 daAuts
     D:6: 1097 daAuts
     D:3: 872 daAuts
     D:8: 705 daAuts
     D:1: 599 daAuts
  Temple: 1 daAuts
